 Dungeon Crawl Stone Soup version 0.32-a0-818-gb728d0252e (webtiles) character file.

Game seed: 17551321956992710367

52 Rohain the Covered (level 3, -1/31 HPs)
             Began as an Armataur Fighter on Mar 23, 2024.
             Slain by a goblin
             ... wielding a +1 dagger of flaming
             ... led by Robin
              (2 damage)
             ... on level 2 of the Dungeon.
             The game lasted 00:01:10 (808 turns).

Rohain the Covered (Armataur Fighter)                Turns: 808, Time: 00:01:10

Health: -1/31      AC:  7    Str: 23    XL:     3   Next: 60%
Magic:  3/3        EV:  6    Int:  8    God:
Gold:   68         SH:  4    Dex:  9    Spells: 2/2 levels left

rFire   . . .        a - +0 long sword
rCold   . . .        c - +0 buckler
rNeg    . . .        b - +0 scale mail
rPois   .            (no helmet)
rElec   .            (no cloak)
rCorr   .            (no gloves)
SInv    .            (no barding)
Will    .....        (no amulet) Stlth
                     (no ring)
HPRegen 0.25/turn    (no ring)
MPRegen 0.08/turn

%: roll
@: no status effects
A: large, deformed body, tough skin 3, armoured tail, rollpage 1
a: no special abilities


You were on level 2 of the Dungeon.
You visited 1 branch of the dungeon, and saw 2 of its levels.

You collected 68 gold pieces.

Inventory:

Hand Weapons
 a - a +0 long sword (weapon)
Armour
 b - a +0 scale mail (worn)
 c - a +0 buckler (worn)
Scrolls
 f - a scroll of teleportation {unknown}
 g - a scroll of enchant armour
 h - a scroll of enchant weapon {unknown}
Potions
 d - a potion of might
 e - a potion of enlightenment
 i - a potion of degeneration {unknown}


   Skills:
 + Level 3.0 Fighting
 * Level 2.6 Long Blades
 + Level 4.1 Armour
 + Level 3.7 Shields


You had 2 spell levels left.
You didn't know any spells.
Your spell library contained the following spells:

 Spells                   Type           Power      Damage    Failure   Level
 Magic Dart               Conj           0%         1d3       78%         1
 Slow                     Hex            0%         N/A       78%         1
 Mephitic Cloud           Conj/Alch/Air  0%         N/A       98%         3
 Stone Arrow              Conj/Erth      0%         3d7       98%         3
 Freezing Cloud           Conj/Ice/Air   0%         6-21      100%        5


Dungeon Overview and Level Annotations

Branches:
Dungeon (2/15)

Altars:

Annotations:
D:2 Robin


Innate Abilities, Weirdness & Mutations

Armour fits poorly on your strangely shaped body.
You have extremely tough skin. (AC +3)
You have a long armoured tail.
You regenerate magic when rolling toward enemies. (Rampage MPRegen)


Message History

You closely miss the goblin.
Your tail-slap misses the goblin.
The goblin hits you with a +1 dagger of flaming.
The goblin burns you.
The goblin hits you with a +2 antimagic dagger.
Robin roars a battlecry!
The goblins go into a battle-frenzy!
The goblin hits you but does no damage.
You hit the goblin.
Your tail-slap misses the goblin.
The goblin is severely wounded.
The goblin hits you but does no damage. You block the goblin's attack.
The goblin hits you with a +2 antimagic dagger.
You closely miss the goblin.
The goblin is severely wounded.
The goblin hits you but does no damage. x2
The goblin hits you with a +1 dagger of flaming.
The goblin burns you.
You barely miss the goblin.
The goblin is severely wounded.
The goblin hits you with a +2 antimagic dagger.
The goblin hits you but does no damage.
Unknown command.
You closely miss the goblin.
The goblin is severely wounded.
The goblin completely misses you.
The goblin hits you but does no damage. x2
You slash the goblin!
You kill the goblin!
The goblin hits you with a +1 dagger of flaming.
The goblin burns you. The goblin hits you with a +0 dagger.
* * * LOW HITPOINT WARNING * * *
Unknown command.
You hit the goblin.
You kill the goblin!
The goblin hits you with a +1 dagger of flaming.
* * * LOW HITPOINT WARNING * * *
The goblin burns you.
* * * LOW HITPOINT WARNING * * *
The goblin hits you with a +1 dagger of flaming.
* * * LOW HITPOINT WARNING * * *
The goblin burns you.
You die... ##.## #..... #### ...# .# ...## ... ..gB.. ..# g#gg# #.# ggg

#.# #g#
########.######@#
#.....).......#)#######
##.######......#.......#
...# #####..........#
#### ##......$..#
###.......# #.......#
#.......# #.......#


You could see Robin, a giant cockroach, 4 hobgoblins and 3 goblins.

Vanquished Creatures
  A gnoll (D:1)
  An adder (D:2)
  2 dart slugs (D:1)
  2 ball pythons (D:1)
  2 endoplasms
  2 giant cockroaches (D:1)
  4 hobgoblins (D:1)
  A quokka (D:1)
  A bat (D:1)
  3 frilled lizards (D:1)
  7 goblins
  2 kobolds
  2 rats (D:1)
30 creatures vanquished.

Notes
Turn   | Place    | Note
-------+----------+-------------------------------------------
     0 | D:1      | Rohain the Armataur Fighter began the quest for the Orb.
     0 | D:1      | Reached XP level 1. HP: 18/18 MP: 1/1
   129 | D:1      | Reached XP level 2. HP: 15/25 MP: 2/2
   350 | D:1      | Got Sif Muna's Parchment of Enchantment and Outbursts
   463 | D:1      | Reached skill level 4 in Armour
   463 | D:1      | Reached XP level 3. HP: 22/31 MP: 3/3
   793 | D:2      | Noticed Robin
   808 | D:2      | HP: 1/31 [goblin/+1 dagger of flaming[Robin] (4)]
   808 | D:2      | Slain by a goblin

Illustrated notes

Levels and vault maps discovered:
D:1:      shiori_arrival_oz, layout_basic, minmay_misc_feat_ornament
D:2:      layout_basic, serial_shops, nicolae_shop_tiny_glass, shop_statue,
          shop, uniq_robin

Skill      XL: |  1  2 |
---------------+-------+-----
Long Blades    | 2 |  2.6
Fighting       | 3 |  3.0
Armour         | 4 |  4.1
Shields        | |  3.7

Action                     || total
---------------------------++-------
  Melee: Long sword        ||    81
         Tailslap          ||    12
    Use: Scroll            ||     2
 Armour: Scale mail        ||    81
  Dodge: Dodged            ||    27
  Block: Buckler           ||    19

Table legend: (Time is in decaauts)
 A = Elapsed time spent in this place.
 B = Non-inter-level travel time spent in this place.
 C = Inter-level travel time spent in this place.
 D = Time resting spent in this place.
 E = Time spent auto-exploring this place.
 F = Levels seen in this place.
 G = Mean time per level.
                   A        B        C        D        E       F      G
               +--------+--------+--------+--------+--------+-----+--------+
         Total |    833 |    813 |     20 |     53 |    545 |   2 |  416.5 |
       Dungeon |    833 |    813 |     20 |     53 |    545 |   2 |  416.5 |
               +--------+--------+--------+--------+--------+-----+--------+

Top non-repeatable levels by time:
     D:1: 709 daAuts
     D:2: 124 daAuts
